[Event "Titled Tuesday Blitz July 27 2021"]
[White "Ovchinnikov, Vsevolod"]
[Black "Onyshchuk, Volodymyr"]
[WhiteFideId "24176842"]
[BlackFideId "14114038"]
[WhiteElo "2376"]
[BlackElo "2603"]
[Result "0-1"]
[Round "02"]
[TimeControl "180+1"]
[Date "2021.07.27"]
[WhiteClock "0:00:05"]
[BlackClock "0:00:07"]

1. d4 d6 2. Nf3 g6 3. c4 Bg7 4. Nc3 e5 5. Bg5 f6 6. Be3 Nc6 7. g3 Nge7 8. d5 Nb8 9. h4 h5 10. Bh3 Bxh3 11. Rxh3 Nd7 12. Qc2 Bh6 13. Bxh6 Rxh6 14. O-O-O a5 15. Rg1 Nc5 16. g4 hxg4 17. Rxg4 Qd7 18. Rhg3 O-O-O 19. b3 Rdh8 20. Rg1 Qf5 21. a3 Qxc2+ 22. Kxc2 f5 23. R4g2 e4 24. Ng5 Rxh4 25. b4 axb4 26. axb4 Na6 27. Kb3 Rh1 28. Ne6 Rxg1 29. Rxg1 Rh2 30. f3 exf3 31. exf3 Kd7 32. Nf8+ Kd8 33. Nxg6 Nxg6 34. Rxg6 Rh3 35. f4 Rf3 36. Rg8+ Ke7 37. Ra8 Kd7 38. Ra7 Kc8 39. Ra8+ Nb8 40. c5 Rxf4 41. Nb5 Rf3+ 42. Kc4 Rf4+ 43. Kc3 dxc5 44. bxc5 c6 45. Nd6+ Kc7 46. Ne8+ Kc8 47. d6 Re4 48. Nf6 Re3+ 49. Kd4 Re1 50. d7+ Kc7 51. Rxb8 Rd1+ 52. Ke5 Kxb8 53. Kxf5 Kc7 54. Ke6 Kd8 55. Ke5 Rd2 56. Ke6 Rd3 57. Ke5 Rxd7 58. Nxd7 Kxd7 59. Kf5 Kc7 60. Ke5 b5 61. cxb6+ Kxb6 62. Kd4 Kb5 63. Kc3 Kc5 64. Kd3 Kb4 65. Kd2 Kb3 66. Kd3 c5 67. Kd2 c4 68. Kc1 Kc3 0-1


[Site "https://www.chess.com"]

[Event "Titled Tuesday Blitz July 27 2021"]
[White "PalamedeCoach"]
[Black "Makhnev, Denis"]
[BlackFideId "13707647"]
[WhiteElo "2573"]
[BlackElo "2537"]
[Result "0-1"]
[Round "02"]
[TimeControl "180+1"]
[Date "2021.07.27"]
[WhiteClock "0:01:44"]
[BlackClock "0:01:58"]

1. e4 c6 2. Nc3 d5 3. Nf3 dxe4 4. Nxe4 Nf6 5. Qe2 Nxe4 6. Qxe4 Qd5 7. Qh4 Bf5 8. Bc4 Qd6 9. O-O e6 10. d3 Be7 11. Bg5 h6 12. Bxe7 Qxe7 13. Qxe7+ Kxe7 14. Rfe1 Nd7 15. Nd4 Bh7 16. a4 a5 17. Re2 Kd6 18. Rae1 Nc5 19. b3 Rhd8 20. Nf3 Rab8 21. d4 Nd7 22. Rd2 Kc7 23. c3 b5 24. axb5 cxb5 25. Bd3 Bxd3 26. Rxd3 Nc5 27. Rde3 Nxb3 28. Ne5 Rf8 29. c4 Nxd4 30. cxb5 Rxb5 31. Rc3+ Kd6 32. Nc4+ Ke7 33. Ne5 Ne2+ 0-1


[Site "https://www.chess.com"]

[Event "Titled Tuesday Blitz July 27 2021"]
[White "Paravyan, David"]
[Black "Pham, Le Thao Nguyen"]
[WhiteFideId "4194985"]
[BlackFideId "12401226"]
[WhiteElo "2562"]
[BlackElo "2286"]
[Result "1-0"]
[Round "02"]
[TimeControl "180+1"]
[Date "2021.07.27"]
[WhiteClock "0:02:28"]
[BlackClock "0:00:47"]

1. c4 c6 2. Qa4 d5 3. cxd5 Qxd5 4. Nc3 Qd8 5. d4 Nf6 6. e4 g6 7. Nf3 Bg7 8. Be2 O-O 9. O-O Nbd7 10. Bf4 Nb6 11. Qc2 Bg4 12. Rad1 e6 13. Rfe1 Rc8 14. b4 a6 15. a4 Nbd7 16. Bd6 Re8 17. h3 Bxf3 18. Bxf3 Bf8 19. Bc5 Qc7 20. e5 Nd5 21. Bxf8 Nxc3 22. Bd6 Qxd6 23. exd6 Nxd1 24. Qxd1 Red8 25. Qd2 Nb6 26. Qf4 Nc4 27. h4 Nxd6 28. h5 Nf5 29. d5 cxd5 30. Bg4 Nd6 31. h6 Rc6 32. Qf6 1-0


[Site "https://www.chess.com"]

[Event "Titled Tuesday Blitz July 27 2021"]
[White "Perez Ponsa, Federico"]
[Black "Ezat, Mohamed"]
[WhiteFideId "117927"]
[BlackFideId "10600906"]
[WhiteElo "2672"]
[BlackElo "2414"]
[Result "1-0"]
[Round "02"]
[TimeControl "180+1"]
[Date "2021.07.27"]
[WhiteClock "0:00:43"]
[BlackClock "0:00:02"]

1. d4 Nf6 2. c4 g6 3. Nf3 Bg7 4. g3 O-O 5. Bg2 d6 6. O-O Nc6 7. Nc3 Bg4 8. Be3 Bxf3 9. exf3 Nd7 10. f4 e5 11. fxe5 dxe5 12. dxe5 Ndxe5 13. Qb3 Na5 14. Qb5 c6 15. Qc5 Naxc4 16. Rad1 Qb6 17. Qxb6 axb6 18. Bc1 Rfd8 19. b3 Nd6 20. Be3 Ng4 21. Bd2 Nf5 22. h3 Ne5 23. Bg5 Rd3 24. Na4 b5 25. Nc5 Rxd1 26. Rxd1 h6 27. Bf4 Rxa2 28. Nxb7 g5 29. Rd8+ Kh7 30. Be4 Kg6 31. Bxe5 Bxe5 32. g4 Rb2 33. Bxf5+ Kg7 34. Rd3 Bc7 35. Nc5 Bb6 36. Ne4 c5 37. Rd6 Bc7 38. Rd7 Be5 39. Nxc5 b4 40. Be6 Kh8 41. Rxf7 Bd4 42. Ne4 Re2 43. Bd5 Re1+ 44. Kg2 Rd1 45. Bc4 Re1 46. Nf6 Bxf6 47. Rxf6 h5 48. Rh6+ Kg7 49. Rxh5 Kf6 50. h4 Ke5 51. Rxg5+ Kf4 52. Rg8 Re5 53. h5 Re2 54. Bxe2 1-0


[Site "https://www.chess.com"]

[Event "Titled Tuesday Blitz July 27 2021"]
[White "Pridorozhni, Aleksei"]
[Black "Perez Gormaz, Matias"]
[WhiteFideId "4127870"]
[BlackFideId "3406342"]
[WhiteElo "2565"]
[BlackElo "2414"]
[Result "1-0"]
[Round "02"]
[TimeControl "180+1"]
[Date "2021.07.27"]
[WhiteClock "0:02:31"]
[BlackClock "0:01:22"]

1. e4 c5 2. Nc3 g6 3. Nf3 Bg7 4. d4 cxd4 5. Nxd4 Nc6 6. Be3 d6 7. Qd2 Nf6 8. f3 O-O 9. O-O-O d5 10. Qe1 Rb8 11. e5 Nxe5 12. Bf4 Nfd7 13. Nxd5 e6 14. Nc3 a6 15. Kb1 Qc7 16. h4 b5 17. h5 b4 18. Ne4 Qb6 19. hxg6 hxg6 20. Qh4 Re8 21. Qh7+ Kf8 22. Bh6 Bxh6 23. Qxh6+ Ke7 24. Qg5+ f6 25. Rh7+ 1-0


[Site "https://www.chess.com"]

[Event "Titled Tuesday Blitz July 27 2021"]
[White "Sadhwani, Raunak"]
[Black "Moksh Amit Doshi"]
[WhiteFideId "35093487"]
[BlackFideId "25064967"]
[WhiteElo "2514"]
[BlackElo "2245"]
[Result "1-0"]
[Round "02"]
[TimeControl "180+1"]
[Date "2021.07.27"]
[WhiteClock "0:01:05"]
[BlackClock "0:00:19"]

1. b3 d5 2. Bb2 Bg4 3. Nf3 Bxf3 4. exf3 Nd7 5. f4 Ngf6 6. g3 e6 7. Bg2 Bd6 8. O-O O-O 9. d3 c6 10. c4 a5 11. a3 e5 12. fxe5 Bxe5 13. d4 Bd6 14. Nc3 dxc4 15. bxc4 Re8 16. Qb3 Qb6 17. Qc2 Qa6 18. Ne4 Bf8 19. Rfe1 Rad8 20. Rad1 Qb6 21. h4 h6 22. Rb1 Qa6 23. Bf3 Be7 24. Re3 Nb6 25. Rbe1 Nxe4 26. Rxe4 Qxc4 27. Qb1 Kf8 28. d5 Qxd5 29. Bxg7+ Kg8 30. Rxe7 Rxe7 31. Bxd5 Rxe1+ 32. Qxe1 Nxd5 33. Bxh6 1-0


[Site "https://www.chess.com"]

[Event "Titled Tuesday Blitz July 27 2021"]
[White "Sanal, Vahap"]
[Black "Golubev, Mikhail"]
[WhiteFideId "6300545"]
[BlackFideId "14100983"]
[WhiteElo "2495"]
[BlackElo "2374"]
[Result "1-0"]
[Round "02"]
[TimeControl "180+1"]
[Date "2021.07.27"]
[WhiteClock "0:01:59"]
[BlackClock "0:00:13"]

1. Nf3 d6 2. e4 c5 3. d4 cxd4 4. Nxd4 Nf6 5. Nc3 g6 6. Be3 Bg7 7. f3 Nc6 8. Qd2 O-O 9. O-O-O d5 10. Kb1 Nxd4 11. e5 Nf5 12. exf6 exf6 13. Nxd5 Nxe3 14. Qxe3 Be6 15. Bc4 f5 16. Bb3 Bxd5 17. Rxd5 Qf6 18. c3 Rfe8 19. Qd3 Re7 20. Rd1 Rae8 21. a3 h5 22. Ka2 b6 23. Rd2 Re5 24. Rd6 Qg5 25. Qc4 R5e6 26. Rxe6 fxe6 27. Qc6 Qe7 28. Rd7 Qc5 29. Rxg7+ 1-0


[Site "https://www.chess.com"]

[Event "Titled Tuesday Blitz July 27 2021"]
[White "Sanchez Alvares, Kelvin Antonio"]
[Black "Le, Tuan Minh"]
[WhiteFideId "3906680"]
[BlackFideId "12401153"]
[WhiteElo "2247"]
[BlackElo "2450"]
[Result "0-1"]
[Round "02"]
[TimeControl "180+1"]
[Date "2021.07.27"]
[WhiteClock "0:00:03"]
[BlackClock "0:00:03"]

1. d4 d5 2. c4 c6 3. Nf3 Nf6 4. Nc3 a6 5. cxd5 cxd5 6. Bf4 Nc6 7. e3 Bg4 8. Be2 Bxf3 9. Bxf3 e6 10. O-O Bd6 11. Bg5 h6 12. Bh4 O-O 13. Rc1 Rc8 14. Qb3 Na5 15. Qa4 Nc4 16. Qc2 Be7 17. Qe2 Ne8 18. Bxe7 Qxe7 19. Bxd5 Ncd6 20. Bf3 Nf6 21. e4 e5 22. dxe5 Qxe5 23. Nd5 Nxd5 24. exd5 Qf4 25. Qe3 Qf6 26. Qd2 Rfd8 27. b3 Nf5 28. Rc4 b5 29. Rxc8 Rxc8 30. Rd1 Nd6 31. Qd4 Qxd4 32. Rxd4 Rc2 33. a4 b4 34. h3 a5 35. Bd1 Rc3 36. Kf1 Kf8 37. Ke2 g6 38. Rd3 Rc7 39. Kd2 Ne4+ 40. Ke3 Nd6 41. g4 Ke7 42. Kd4 Kf6 43. Rf3+ Kg5 44. h4+ Kxh4 45. Rf6 Ne8 46. Ra6 Rc1 47. Be2 Re1 48. Ke3 Nc7 49. Rxa5 Rb1 50. Bc4 Re1+ 51. Kd2 Re8 52. Rc5 Na8 53. Bb5 Rd8 54. Bc6 Nb6 55. a5 Nc8 56. a6 Kxg4 57. Ke3 h5 58. Bd7+ Rxd7 59. Rxc8 h4 60. d6 Kf5 61. Rc6 g5 62. Kf3 g4+ 63. Kg2 Kf4 64. Rb6 h3+ 65. Kh2 Kf3 66. Rxb4 f5 67. Ra4 f4 68. a7 g3+ 69. fxg3 fxg3+ 70. Kxh3 Rh7+ 71. Rh4 Rxa7 72. Rh8 Rf7 73. Rg8 Rh7# 0-1


[Site "https://www.chess.com"]

[Event "Titled Tuesday Blitz July 27 2021"]
[White "Sawlin, Leonid"]
[Black "Goltsev, Dmitry"]
[WhiteFideId "4689542"]
[BlackFideId "24176710"]
[WhiteElo "2412"]
[BlackElo "2366"]
[Result "0-1"]
[Round "02"]
[TimeControl "180+1"]
[Date "2021.07.27"]
[WhiteClock "0:01:29"]
[BlackClock "0:00:40"]

1. e4 e5 2. Nf3 Nc6 3. Bc4 Nf6 4. d3 Bc5 5. c3 O-O 6. Nbd2 d5 7. Bb3 dxe4 8. Nxe4 Nxe4 9. dxe4 Qxd1+ 10. Bxd1 Rd8 11. Bc2 f6 12. Be3 Bxe3 13. fxe3 Be6 14. Kf2 Rd7 15. Rhd1 Rad8 16. Rxd7 Rxd7 17. Ke1 Kf7 18. Nd2 Ke7 19. Bb3 b6 20. Nf1 Na5 21. Bxe6 Kxe6 22. Ke2 Nc4 23. b3 Nd6 24. Ng3 g6 25. Rd1 h5 26. h4 a5 27. c4 Rd8 28. Rd5 c6 29. Rd2 Ra8 30. Kd3 Nb7 31. Kc3 Nc5 32. a3 Ra7 33. b4 axb4+ 34. axb4 Ra3+ 35. Kc2 Na6 36. b5 cxb5 37. cxb5 Nb4+ 38. Kb2 Rxe3 39. Nh1 Rxe4 40. g3 Nd5 41. Nf2 Rb4+ 42. Kc2 Rxb5 43. Ne4 Ra5 44. Kb3 Kf5 45. Nd6+ Kg4 46. Nc4 Rb5+ 47. Ka3 Kxg3 48. Nd6 Ra5+ 49. Kb3 Kxh4 50. Kc4 Rc5+ 51. Kb3 Nf4 52. Ne4 Rc6 53. Kb4 Kg4 54. Kb5 Re6 55. Nf2+ Kf3 56. Nd1 h4 57. Rf2+ Kg3 58. Rb2 h3 59. Rb3+ Kh4 60. Nf2 g5 61. Ne4 Ne2 62. Ng3 Nxg3 0-1


[Site "https://www.chess.com"]

[Event "Titled Tuesday Blitz July 27 2021"]
[White "Sellitti, Federico"]
[Black "Terry, Renato"]
[WhiteFideId "821829"]
[BlackFideId "3803457"]
[WhiteElo "2571"]
[BlackElo "2581"]
[Result "0-1"]
[Round "02"]
[TimeControl "180+1"]
[Date "2021.07.27"]
[WhiteClock "0:00:09"]
[BlackClock "0:00:42"]

1. e4 e6 2. b3 d5 3. Bb2 Nf6 4. exd5 exd5 5. Qe2+ Be7 6. Bxf6 gxf6 7. Nf3 c5 8. Nc3 Nc6 9. O-O-O Be6 10. d4 Qa5 11. Qe3 Rc8 12. Bb5 a6 13. Bxc6+ Rxc6 14. Na4 c4 15. Kb1 Ba3 16. Rhe1 Rg8 17. Qf4 Ke7 18. Re3 cxb3 19. axb3 Rgc8 20. Nc5 b6 21. Nxe6 fxe6 22. Ng5 fxg5 23. Qxg5+ Kd7 24. Qg7+ Be7 25. f4 Rxc2 0-1


[Site "https://www.chess.com"]

[Event "Titled Tuesday Blitz July 27 2021"]
[White "Spata, German"]
[Black "Zhigalko, Sergei"]
[WhiteFideId "113026"]
[BlackFideId "13502956"]
[WhiteElo "2238"]
[BlackElo "2662"]
[Result "0-1"]
[Round "02"]
[TimeControl "180+1"]
[Date "2021.07.27"]
[WhiteClock "0:00:03"]
[BlackClock "0:00:02"]

1. d4 Nf6 2. Nc3 d5 3. Bf4 a6 4. e3 e6 5. Nf3 b5 6. Ne5 Bb7 7. Bd3 c5 8. Qf3 c4 9. Be2 Nc6 10. g4 Bb4 11. Nxf7 Kxf7 12. g5 Qa5 13. gxf6 Bxc3+ 14. Kf1 g6 15. bxc3 Qxc3 16. Kg2 Qxc2 17. Qg4 Qf5 18. Qh4 g5 19. Qh6 Ke8 20. Qg7 gxf4 21. Qxh8+ Kd7 22. Qg7+ Kd6 23. Bg4 Qe4+ 24. f3 Qc2+ 25. Kh3 fxe3 26. f7 Qg6 27. f8=Q+ Rxf8 28. Qxf8+ Kc7 29. Qf4+ Kb6 30. Qxe3 h5 31. Qxe6 hxg4+ 32. Qxg4 Qh7+ 33. Kg3 Qd3 0-1


[Site "https://www.chess.com"]

[Event "Titled Tuesday Blitz July 27 2021"]
[White "Stoyanov, Tsvetan"]
[Black "Quparadze, Giga"]
[WhiteFideId "2917173"]
[BlackFideId "13602250"]
[WhiteElo "2198"]
[BlackElo "2658"]
[Result "0-1"]
[Round "02"]
[TimeControl "180+1"]
[Date "2021.07.27"]
[WhiteClock "0:00:03"]
[BlackClock "0:00:13"]

1. e4 c5 2. Nf3 e6 3. d4 cxd4 4. Nxd4 a6 5. Nc3 Qc7 6. Bd3 Bc5 7. Nb3 Be7 8. Qg4 g6 9. Bf4 d6 10. Qg3 Nf6 11. e5 Nh5 12. exd6 Qd7 13. Qf3 Nxf4 14. dxe7 Nxd3+ 15. cxd3 Qxe7 16. O-O O-O 17. d4 Nd7 18. Rfe1 Qf6 19. Qg3 Nb6 20. Ne4 Qd8 21. Qe5 Nd5 22. Rac1 Bd7 23. Rc5 Bc6 24. Rxd5 exd5 25. Nf6+ Kh8 26. g4 Qb8 27. Qg5 Kg7 28. Nh5+ Kg8 29. Qf6 gxh5 30. Re5 Qxe5 31. dxe5 hxg4 32. Nd4 Bd7 33. Qg5+ Kh8 34. Qe7 Be6 35. Kg2 Rfe8 36. Qf6+ Kg8 37. Kg3 Rac8 38. b3 Rc3+ 39. Kf4 Rh3 40. Qg5+ Kf8 41. Nxe6+ Rxe6 42. Qxg4 Rxh2 43. Qf3 Rh4+ 44. Kg5 Re4 45. Qc3 R4xe5+ 46. Kf4 d4 47. Qc8+ Kg7 48. Qxb7 Rh5 49. Qg2+ Rg6 50. Qf1 Rh4+ 51. Ke5 Rg5+ 52. Kd6 Rf4 53. Qd3 h5 54. b4 h4 55. a4 Rf6+ 56. Ke7 Re6+ 57. Kd7 Rd5+ 58. Kc7 Rh6 59. b5 axb5 60. axb5 h3 61. b6 h2 62. b7 h1=Q 63. b8=Q Qh2+ 64. Qg3+ Qxg3+ 65. fxg3 d3 66. Qb2+ Rf6 67. Qd2 Rf3 68. Kc6 Rdf5 69. g4 Rf6+ 70. Kd5 R6f4 71. g5 Kg6 72. Ke5 Kxg5 73. Qg2+ Kh6 74. Qh2+ Kg7 75. Qg1+ Kh7 76. Qh2+ Kg6 77. Qg1+ Kh5 78. Qh2+ Kg4 79. Qg2+ Rg3 80. Qd2 Rf5+ 81. Ke4 Rff3 82. Qa5 f5+ 83. Ke5 Kh3 84. Qd2 Kg4 85. Kd4 f4 86. Ke5 Re3+ 87. Kd4 Re2 88. Qd1 Kf3 89. Kxd3 Rg2 90. Qf1+ Kg3 91. Qxe2 Rxe2 92. Kxe2 Kg2 93. Ke1 0-1


[Site "https://www.chess.com"]

[Event "Titled Tuesday Blitz July 27 2021"]
[White "Tologon tegin, Semetei"]
[Black "Moskalenko, Alexander"]
[WhiteFideId "13800574"]
[BlackFideId "4155351"]
[WhiteElo "2224"]
[BlackElo "2495"]
[Result "0-1"]
[Round "02"]
[TimeControl "180+1"]
[Date "2021.07.27"]
[WhiteClock "0:00:05"]
[BlackClock "0:00:56"]

1. e4 e6 2. d3 d5 3. Nd2 Nf6 4. Ngf3 Nc6 5. g3 Bc5 6. Bg2 dxe4 7. dxe4 b6 8. O-O Ba6 9. c4 e5 10. Qa4 Bb7 11. Nxe5 Qd6 12. Nxc6 Bxc6 13. e5 Bxa4 14. exd6 O-O-O 15. b3 Bd7 16. dxc7 Kxc7 17. Ne4 Nxe4 18. Bxe4 Rhe8 19. Bf4+ Bd6 20. Bxd6+ Kxd6 21. Rad1+ Kc5 22. Rd5+ Kb4 23. Rfd1 Rxe4 24. Rxd7 Re1+ 25. Rxe1 Rxd7 26. Re2 a5 27. f4 a4 28. bxa4 Kxc4 29. Rb2 Kc5 30. a5 bxa5 31. a4 Kc6 32. Rb5 Rd5 33. Rb8 Rd4 34. Rf8 f6 35. Rf7 Rxa4 36. Rxg7 Ra1+ 37. Kg2 a4 38. Rxh7 Kb6 39. Rh6 a3 40. Rxf6+ Kb7 41. Re6 a2 42. Re2 Rg1+ 43. Kxg1 a1=Q+ 44. Kg2 Qd1 45. Re5 Kc6 46. h4 Qg4 47. h5 Kd6 48. h6 Qg6 49. f5 Qh5 50. Re6+ Kd5 51. Rg6 Qxf5 52. h7 Qe4+ 53. Kf2 Qd4+ 54. Kg2 Qd2+ 55. Kf3 Qd3+ 56. Kf2 Qc2+ 57. Kf3 Qh2 58. Rg7 Ke6 59. Kg4 Kf6 60. Ra7 Kg6 61. Kf3 Qb2 62. Kg4 Qe2+ 63. Kf4 Qf2+ 64. Kg4 Qf5+ 65. Kh4 Qh5# 0-1


[Site "https://www.chess.com"]

[Event "Titled Tuesday Blitz July 27 2021"]
[White "Vokhidov, Shamsiddin"]
[Black "Miranda, Rafael"]
[WhiteFideId "14204223"]
[BlackFideId "130990"]
[WhiteElo "2572"]
[BlackElo "2159"]
[Result "1-0"]
[Round "02"]
[TimeControl "180+1"]
[Date "2021.07.27"]
[WhiteClock "0:01:38"]
[BlackClock "0:01:33"]

1. e4 c5 2. Nf3 d6 3. d4 cxd4 4. Nxd4 Nf6 5. Nc3 a6 6. h3 e5 7. Nde2 h5 8. Bg5 Be6 9. Bxf6 gxf6 10. Ng3 h4 11. Nf5 Nc6 12. Nd5 Bxf5 13. exf5 Bh6 14. c3 Bg5 15. Bd3 Qa5 16. Be4 O-O-O 17. a4 Rd7 18. b4 Qd8 19. b5 Na5 20. bxa6 bxa6 21. Qd3 Ra7 22. Rb1 Nb7 23. Qc4+ Nc5 24. Nb6+ Kc7 25. Qd5 Qe8 26. Nc4 Nxe4 27. Qxe4 Qc6 28. Qxc6+ Kxc6 29. Ke2 d5 30. Na5+ Kc5 31. Rhd1 Rc8 32. Rb4 Kd6 33. Nc4+ Rxc4 34. Rxc4 a5 35. Rc8 Rb7 36. Rd8+ Ke7 37. R1xd5 Rb2+ 38. Kf3 Rb7 39. c4 Bc1 40. c5 1-0


[Site "https://www.chess.com"]

[Event "Titled Tuesday Blitz July 27 2021"]
[White "Ahmadzada, Ahmad"]
[Black "Gelman, Alexander"]
[WhiteFideId "13413007"]
[BlackFideId "4118316"]
[WhiteElo "2226"]
[BlackElo "2375"]
[Result "1-0"]
[Round "03"]
[TimeControl "180+1"]
[Date "2021.07.27"]
[WhiteClock "0:00:05"]
[BlackClock "0:00:30"]

1. Nf3 Nf6 2. g3 c5 3. Bg2 e6 4. O-O Be7 5. c4 d6 6. Nc3 a6 7. d4 cxd4 8. Nxd4 O-O 9. b3 Qc7 10. Bb2 Nbd7 11. e4 Ne5 12. Qe2 Bd7 13. Rad1 Rac8 14. f4 Ng6 15. f5 Ne5 16. fxe6 fxe6 17. Bh3 Qb6 18. Kh1 Kf7 19. Qh5+ Kg8 20. Qe2 Kf7 21. Rf2 Rce8 22. Bc1 Bd8 23. Be3 Qa5 24. Bd2 Qb6 25. Be3 Qa5 26. Bd2 Qc7 27. Rdf1 Kg8 28. g4 h6 29. g5 hxg5 30. Bxg5 Qa5 31. Qd2 b5 32. cxb5 axb5 33. Qe3 b4 34. Nce2 Neg4 35. Bxg4 Nxg4 36. Rxf8+ Rxf8 37. Rxf8+ Kxf8 38. Bxd8 Qxd8 39. Qf4+ Nf6 40. Qxd6+ Kf7 41. Nxe6 Qc8 42. Ng5+ Kg6 43. Qg3 Qc2 44. Nf4+ Kh6 45. Qh4+ Nh5 46. Qxh5# 1-0


[Site "https://www.chess.com"]

[Event "Titled Tuesday Blitz July 27 2021"]
[White "Araujo Sanchez, Josue"]
[Black "Oparin, Grigoriy"]
[WhiteFideId "6416896"]
[BlackFideId "24125890"]
[WhiteElo "2181"]
[BlackElo "2628"]
[Result "0-1"]
[Round "03"]
[TimeControl "180+1"]
[Date "2021.07.27"]
[WhiteClock "0:00:24"]
[BlackClock "0:01:55"]

1. Nf3 c5 2. b3 Nf6 3. Bb2 d5 4. e3 a6 5. d4 e6 6. dxc5 Bxc5 7. Nbd2 O-O 8. a3 Nc6 9. b4 Ba7 10. c4 Qe7 11. Rc1 Rd8 12. cxd5 Nxd5 13. Bc4 e5 14. Qc2 Be6 15. O-O Rac8 16. Qb1 Nxe3 17. Bxe6 Qxe6 18. fxe3 Bxe3+ 19. Rf2 Bxf2+ 20. Kxf2 h6 21. Ne4 Nd4 22. Rxc8 Rxc8 23. Bxd4 exd4 24. Qd3 Qa2+ 25. Kg3 Rd8 26. Nc5 Qd5 27. Qe4 Qxe4 28. Nxe4 b6 29. Kf4 f6 30. Ned2 Rc8 31. Nxd4 Rc3 32. a4 Ra3 33. a5 bxa5 34. bxa5 Rxa5 35. Ke4 Ra2 36. Kd3 Ra1 37. N2f3 Kf7 38. Kc3 h5 39. Nb3 Rf1 40. Nbd2 Rf2 41. Kd3 Rxg2 42. Ke3 a5 43. Nc4 a4 0-1


[Site "https://www.chess.com"]

[Event "Titled Tuesday Blitz July 27 2021"]
[White "Begmuratov, Khumoyun"]
[Black "Priasmoro, Novendra"]
[WhiteFideId "14210207"]
[BlackFideId "7105029"]
[WhiteElo "1932"]
[BlackElo "2309"]
[Result "0-1"]
[Round "03"]
[TimeControl "180+1"]
[Date "2021.07.27"]
[WhiteClock "0:00:03"]
[BlackClock "0:00:10"]

1. e4 c5 2. Nf3 Nc6 3. d4 cxd4 4. Nxd4 g6 5. Nc3 Bg7 6. Be3 Nf6 7. Be2 O-O 8. O-O d5 9. exd5 Nb4 10. d6 Qxd6 11. Ndb5 Qb8 12. Bc4 a6 13. Nd4 Ng4 14. g3 Rd8 15. a3 Bxd4 16. Bxd4 Nc6 17. Bd5 e5 18. Bb6 Re8 19. Qf3 Nh6 20. Ne4 Bf5 21. Nf6+ Kg7 22. Nxe8+ Qxe8 23. Be3 Ng4 24. h3 e4 25. Qg2 Nf6 26. Bxc6 Qxc6 27. Bd4 Kg8 28. g4 Bd7 29. Bxf6 Qxf6 30. Rfe1 Bc6 31. Re3 Qxb2 32. Rae1 Qxc2 33. Qg3 Qc5 34. h4 Rd8 35. Qf4 Kg7 36. a4 Qd4 37. h5 Rd6 38. h6+ Kg8 39. Qg5 f6 40. Qf4 Kf7 41. g5 Qe5 42. Qxe5 fxe5 43. Kh2 Ke6 44. Kg3 Kf5 45. Kh4 Rd2 46. R1e2 Rxe2 47. Rxe2 Bxa4 48. Rd2 b5 49. Rd8 b4 50. Rh8 b3 51. Rxh7 b2 52. Rb7 Bb5 53. h7 b1=Q 54. Kg3 Qg1+ 55. Kh3 Bf1+ 56. Kh4 Qg4# 0-1


[Site "https://www.chess.com"]

[Event "Titled Tuesday Blitz July 27 2021"]
[White "Bok, Benjamin"]
[Black "Quintiliano Pinto, Renato R."]
[WhiteFideId "1017063"]
[BlackFideId "2117568"]
[WhiteElo "2658"]
[BlackElo "2439"]
[Result "0-1"]
[Round "03"]
[TimeControl "180+1"]
[Date "2021.07.27"]
[WhiteClock "0:00:03"]
[BlackClock "0:00:18"]

1. d4 d5 2. c4 c6 3. Nf3 Nf6 4. Nc3 dxc4 5. a4 Bf5 6. e3 e6 7. Bxc4 Bb4 8. O-O O-O 9. Qe2 Nbd7 10. e4 Bg6 11. Bd3 Bh5 12. e5 Nd5 13. Nxd5 cxd5 14. Qe3 Re8 15. Ng5 Bg6 16. Bxg6 fxg6 17. Bd2 Bxd2 18. Qxd2 Nb8 19. Rac1 Nc6 20. h4 a5 21. Rc5 h6 22. Nf3 Rf8 23. Qd3 Rf5 24. Rfc1 Qe7 25. R1c3 Raf8 26. Qd1 Kh7 27. Re3 Rf4 28. Rb5 Rxf3 29. Rxf3 Rxf3 30. gxf3 Qxh4 31. Rxb7 Nxd4 32. Rf7 Qg5+ 33. Kf1 Qxe5 34. b4 axb4 35. a5 b3 36. a6 b2 37. a7 Qh2 38. Qxd4 b1=Q+ 39. Ke2 Qb5+ 40. Ke3 e5 41. Qxe5 Qxe5+ 0-1


[Site "https://www.chess.com"]

[Event "Titled Tuesday Blitz July 27 2021"]
[White "Can, Emre"]
[Black "Pridorozhni, Aleksei"]
[WhiteFideId "6302181"]
[BlackFideId "4127870"]
[WhiteElo "2503"]
[BlackElo "2565"]
[Result "1/2-1/2"]
[Round "03"]
[TimeControl "180+1"]
[Date "2021.07.27"]
[WhiteClock "0:00:05"]
[BlackClock "0:00:46"]

1. Nf3 d5 2. g3 Nd7 3. Bg2 e5 4. O-O e4 5. Ne1 Ngf6 6. d3 Bc5 7. c4 exd3 8. Nxd3 dxc4 9. Nxc5 Nxc5 10. Qc2 O-O 11. Qxc4 Ne6 12. Nc3 c6 13. Rd1 Qa5 14. b4 Qh5 15. h4 h6 16. Bf3 Qg6 17. Be3 Nc7 18. b5 Be6 19. Qc5 Ncd5 20. bxc6 bxc6 21. Rac1 Nd7 22. Nxd5 Bxd5 23. Qc3 Nb6 24. Bxd5 Nxd5 25. Qxc6 Qxc6 26. Rxc6 Nxe3 27. fxe3 Rfe8 28. Kf2 Re7 29. Rd3 h5 30. Rdc3 g6 31. Rc7 Rae8 32. Rxe7 Rxe7 33. Kf3 Kg7 34. Ra3 Kf6 35. e4 Ke5 36. Ke3 Rc7 37. Ra5+ Ke6 38. Kf4 f6 39. Ra6+ Kf7 40. Ke3 Rd7 41. a4 Kg7 42. Kf4 Kf7 43. e3 Rc7 44. Kf3 Re7 45. Rc6 a5 46. Rc5 Re5 47. Rc7+ Kf8 48. Rc6 Kf7 49. Rc7+ Kf8 50. Ra7 Rc5 51. Kf4 Kg8 52. Kf3 Kf8 53. Ke2 Rc2+ 54. Kd3 Rg2 55. Rxa5 Rxg3 56. Ra8+ Kg7 57. a5 Rg1 58. a6 Ra1 59. Ke2 Ra3 60. Kf3 Ra4 61. a7 Ra1 62. Kf4 Rf1+ 63. Kg3 Ra1 64. Kf3 Ra4 65. Ke2 Ra1 66. Kf3 Ra4 67. Kg3 Ra3 68. Kf2 Ra2+ 69. Kf3 Ra4 1/2-1/2


[Site "https://www.chess.com"]

[Event "Titled Tuesday Blitz July 27 2021"]
[White "Do Valle Cardoso, Lucas"]
[Black "Lazavik, Denis"]
[WhiteFideId "2163144"]
[BlackFideId "13515110"]
[WhiteElo "2387"]
[BlackElo "2436"]
[Result "0-1"]
[Round "03"]
[TimeControl "180+1"]
[Date "2021.07.27"]
[WhiteClock "0:00:03"]
[BlackClock "0:00:07"]

1. e4 e5 2. Nf3 Nc6 3. Bb5 Nf6 4. d3 Bc5 5. Bxc6 dxc6 6. Nbd2 Nd7 7. Qe2 Qe7 8. Nc4 Bd6 9. Bd2 b6 10. O-O-O Bb7 11. Bc3 O-O-O 12. d4 exd4 13. Nxd4 Bf4+ 14. Kb1 c5 15. Nf5 Qxe4 16. Qxe4 Bxe4 17. Ne7+ Kb7 18. f3 Rhe8 19. Nd5 Bxd5 20. Rxd5 f6 21. g3 Ne5 22. Rxd8 Rxd8 23. Bxe5 Bxe5 24. Nxe5 fxe5 25. Re1 Rd2 26. Kc1 Rxh2 27. Rxe5 g6 28. Re7 Kc6 29. Rg7 Kd6 30. b3 b5 31. a3 a5 32. Kb2 b4 33. a4 Rh3 34. g4 Rxf3 35. Rxh7 Rg3 36. Rh4 c6 37. Kc1 g5 38. Rh6+ Kd5 39. Rh8 Rxg4 40. Rd8+ Ke6 41. Rc8 Kd7 42. Rg8 Rg1+ 43. Kd2 g4 44. Rg7+ Kd6 45. Rg6+ Kd5 46. Rg8 Rg2+ 47. Kd3 Rg3+ 48. Kd2 c4 49. Rg5+ Kd4 50. bxc4 c5 51. Rg8 Rg2+ 52. Kd1 Kc3 53. Rg6 g3 54. Rg4 Rg1+ 55. Ke2 Kxc2 56. Rg5 b3 57. Rxc5 b2 58. Rb5 0-1


[Site "https://www.chess.com"]

[Event "Titled Tuesday Blitz July 27 2021"]
[White "Dowgird, Filip"]
[Black "Muradli, Mahammad"]
[WhiteFideId "1121235"]
[BlackFideId "13409301"]
[WhiteElo "2209"]
[BlackElo "2482"]
[Result "0-1"]
[Round "03"]
[TimeControl "180+1"]
[Date "2021.07.27"]
[WhiteClock "0:00:17"]
[BlackClock "0:00:12"]

1. d4 Nf6 2. Bf4 d6 3. e3 g6 4. Nf3 Bg7 5. h3 O-O 6. Be2 c5 7. c3 cxd4 8. cxd4 Nc6 9. Nc3 Bf5 10. O-O Rc8 11. Qb3 Na5 12. Qb4 Ne4 13. Rfc1 Nxc3 14. bxc3 b6 15. Nd2 Re8 16. Nb3 Nc6 17. Qa3 h5 18. Bb5 Bd7 19. Ba6 Rc7 20. Bg3 Bf5 21. Qb2 e5 22. a4 h4 23. Bh2 Qg5 24. Kh1 Be4 25. Bf1 Rcc8 26. a5 bxa5 27. Nxa5 exd4 28. cxd4 Nxa5 29. f3 Ba8 30. Bf4 Qf5 31. Rxc8 Rxc8 32. Qa2 Nc6 33. Bxd6 Qd7 34. Bf4 Nxd4 35. exd4 Qxd4 36. Qxa7 Qxa1 37. Qxa1 Bxa1 0-1


[Site "https://www.chess.com"]